[ AOE2 MATCH · #504731621 ]
UnrankedShu vs Wu
[ REPLAY ANALYSIS · EXTRACTED FROM THE RECORDED GAME ]
Feudal
13:45
Castle
17:20
Imperial
34:51
| APM avg | 60.3 |
| APM peak | 105 |
| eAPM avg | 43.9 |
| Villagers / military | 186 / 156 |
Focus
⚔️ 50.7% · 🌾 49.3%
Archer ×135 · Unknown (2626) ×37 · Unknown (1942) ×27 · Fishing Ship ×21 · Fire Galley ×17 · Monk ×2
Feudal
13:32
Castle
17:32
Imperial
35:21
| APM avg | 74.5 |
| APM peak | 117 |
| eAPM avg | 38.1 |
| Villagers / military | 157 / 54 |
Focus
⚔️ 33.2% · 🌾 66.8%
Fishing Ship ×29 · Skirmisher ×28 · Archer ×15 · Mangonel ×5 · Fire Galley ×4 · Unknown (1968) ×2
Feudal
13:40
Castle
18:52
Imperial
—
| APM avg | 44.8 |
| APM peak | 81 |
| eAPM avg | 26.3 |
| Villagers / military | 85 / 49 |
Focus
⚔️ 39.1% · 🌾 60.9%
Magyar Huszar ×41 · Monk ×7 · Fishing Ship ×7 · Mangonel ×1 · Trade Cart ×1
Feudal
12:46
Castle
16:41
Imperial
34:56
| APM avg | 45.6 |
| APM peak | 89 |
| eAPM avg | 24.1 |
| Villagers / military | 158 / 86 |
Focus
⚔️ 43.0% · 🌾 57.0%
Mangudai ×84 · Unknown (2626) ×20 · Fishing Ship ×19 · Trebuchet (Packed) ×2
Feudal
13:22
Castle
17:17
Imperial
37:29
| APM avg | 43.1 |
| APM peak | 68 |
| eAPM avg | 21.0 |
| Villagers / military | 144 / 41 |
Focus
⚔️ 16.0% · 🌾 84.0%
Cataphract ×36 · Fishing Ship ×8 · Trade Cart ×5 · Battering Ram ×4 · Monk ×1
Feudal
14:56
Castle
27:09
Imperial
—
| APM avg | 20.9 |
| APM peak | 72 |
| eAPM avg | 12.3 |
| Villagers / military | 106 / 14 |
Focus
⚔️ 13.8% · 🌾 86.2%
Fishing Ship ×21 · Knight ×13 · Monk ×1
Feudal
11:26
Castle
19:14
Imperial
37:30
| APM avg | 40.5 |
| APM peak | 68 |
| eAPM avg | 21.8 |
| Villagers / military | 129 / 106 |
Focus
⚔️ 33.7% · 🌾 66.3%
Scout Cavalry ×51 · Knight ×26 · Fishing Ship ×24 · Unknown (2626) ×14 · Galley ×10 · Fire Galley ×9
Feudal
13:21
Castle
17:24
Imperial
—
| APM avg | 41.7 |
| APM peak | 85 |
| eAPM avg | 24.0 |
| Villagers / military | 143 / 176 |
Focus
⚔️ 44.4% · 🌾 55.6%
Plumed Archer ×112 · Eagle Scout ×38 · Battering Ram ×14 · Fishing Ship ×8 · Petard ×6 · Mangonel ×6
Match map
Initial resources + every placement click. Lines = walls · curves = elevation contours. ◆ gold · ⬟ stone · ● berries · ✦ relic · ◌ wall gap
Your base· Open — 15t gap
TheZero's base· Open — 6t gap
Smiley's base· Open — 5t gap
(PNG)Ludovicum95's base· Open — 10t gap
Jhih's base· Open — 7t gap
nub_banana's base· Open — 6t gap
凌霄上清统飞元真君's base· ✓ Closed at 19:14 · 15t walls · no gate
JustAGecko's base· Open — unwalled flank
Smoothed initial terrain · ◌ = detected wall gap · hover for details
Inputs per minute
— TAG_Sitaux - - TheZero
Build order — TAG_Sitaux
First 150 of 660 actions detected
| 0:29 | Build | Town Center |
| 0:42 | Build | Dock |
| 0:43 | Build | House |
| 2:39 | Queue | Villager (Male) |
| 2:40 | Queue | Villager (Male) |
| 2:40 | Queue | Villager (Male) |
| 2:40 | Queue | Villager (Male) |
| 3:43 | Queue | Villager (Male) |
| 3:43 | Queue | Villager (Male) |
| 4:00 | Queue | Fishing Ship |
| 4:00 | Queue | Fishing Ship |
| 4:23 | Build | House |
| 4:47 | Queue | Villager (Male) |
| 4:47 | Queue | Villager (Male) |
| 5:12 | Queue | Villager (Male) |
| 5:35 | Queue | Villager (Male) |
| 5:50 | Queue | Fishing Ship |
| 5:50 | Queue | Fishing Ship |
| 5:51 | Queue | Villager (Male) |
| 5:51 | Queue | Villager (Male) |
| 6:05 | Build | House |
| 6:15 | Queue | Villager (Male) |
| 6:16 | Queue | Villager (Male) |
| 6:33 | Queue | Villager (Male) |
| 6:44 | Queue | Fishing Ship |
| 6:44 | Queue | Fishing Ship |
| 6:57 | Build | House |
| 7:00 | Queue | Villager (Male) |
| 7:00 | Queue | Villager (Male) |
| 7:16 | Queue | Fishing Ship |
| 7:16 | Queue | Fishing Ship |
| 7:25 | Build | House |
| 7:26 | Build | Palisade Wall |
| 7:26 | Build | Palisade Wall |
| 7:29 | Queue | Villager (Male) |
| 7:30 | Queue | Villager (Male) |
| 7:50 | Queue | Villager (Male) |
| 7:50 | Queue | Villager (Male) |
| 8:00 | Build | Lumber Camp |
| 8:16 | Queue | Fishing Ship |
| 8:16 | Queue | Fishing Ship |
| 8:18 | Queue | Villager (Male) |
| 8:18 | Queue | Villager (Male) |
| 8:40 | Queue | Villager (Male) |
| 8:41 | Queue | Villager (Male) |
| 8:48 | Queue | Fishing Ship |
| 9:00 | Build | House |
| 9:14 | Queue | Villager (Male) |
| 9:36 | Build | Dock |
| 9:38 | Queue | Fishing Ship |
| 9:45 | Queue | Villager (Male) |
| 9:47 | Build | House |
| 10:04 | Queue | Villager (Male) |
| 10:10 | Queue | Fishing Ship |
| 10:19 | Queue | Fishing Ship |
| 10:28 | Queue | Fishing Ship |
| 10:34 | Queue | Villager (Male) |
| 10:54 | Queue | Villager (Male) |
| 10:58 | Queue | Fishing Ship |
| 10:58 | Queue | Fishing Ship |
| 11:05 | Build | House |
| 11:08 | Build | Palisade Wall |
| 11:09 | Build | Palisade Wall |
| 11:28 | Build | House |
| 11:35 | Research | Feudal Age |
| 11:35 | Research | Feudal Age |
| 11:44 | Queue | Fishing Ship |
| 11:47 | Queue | Fishing Ship |
| 11:47 | Queue | Fishing Ship |
| 11:54 | Build | Palisade Wall |
| 12:08 | Build | Mining Camp |
| 12:43 | Build | Mill |
| 12:48 | Build | Palisade Wall |
| 12:50 | Build | Palisade Wall |
| 12:53 | Build | Palisade Wall |
| 12:54 | Build | Palisade Wall |
| 13:09 | Queue | Villager (Male) |
| 13:45 | Age | Feudal Age |
| 13:45 | Build | Market |
| 13:48 | Build | Blacksmith |
| 14:10 | Queue | Villager (Male) |
| 14:40 | Research | Castle Age |
| 14:40 | Research | Castle Age |
| 14:42 | Queue | Unit 2626 |
| 14:42 | Queue | Unit 2626 |
| 15:00 | Build | Dock |
| 15:15 | Build | House |
| 15:17 | Build | Palisade Wall |
| 15:19 | Queue | Unit 2626 |
| 15:26 | Research | Double-Bit Axe |
| 15:26 | Research | Double-Bit Axe |
| 15:38 | Build | Palisade Gate |
| 16:06 | Research | Tech 906 |
| 16:06 | Research | Tech 906 |
| 16:06 | Research | Tech 906 |
| 16:21 | Queue | Unit 2626 |
| 16:21 | Queue | Unit 2626 |
| 16:21 | Queue | Unit 2626 |
| 16:31 | Queue | Unit 2626 |
| 16:32 | Queue | Unit 2626 |
| 16:45 | Build | House |
| 16:46 | Build | Palisade Wall |
| 16:56 | Research | Gold Mining |
| 16:56 | Research | Gold Mining |
| 17:04 | Queue | Villager (Male) |
| 17:20 | Age | Castle Age |
| 17:24 | Research | War Galley (upgrade) |
| 17:24 | Research | War Galley (upgrade) |
| 17:24 | Research | Bow Saw |
| 17:24 | Research | Bow Saw |
| 17:29 | Queue | Villager (Male) |
| 17:38 | Queue | Villager (Male) |
| 17:55 | Build | Town Center |
| 18:08 | Queue | Villager (Male) |
| 18:30 | Research | Forging |
| 18:30 | Research | Forging |
| 18:32 | Queue | Villager (Male) |
| 18:53 | Queue | Villager (Male) |
| 18:56 | Build | Town Center |
| 19:03 | Queue | Villager (Male) |
| 19:12 | Queue | Villager (Male) |
| 19:40 | Queue | Villager (Male) |
| 19:44 | Build | Town Center |
| 19:52 | Queue | Villager (Male) |
| 19:58 | Research | Gillnets |
| 19:58 | Research | Gillnets |
| 20:09 | Queue | Unit 2626 |
| 20:09 | Queue | Unit 2626 |
| 20:09 | Queue | Unit 2626 |
| 20:09 | Queue | Unit 2626 |
| 20:12 | Queue | Villager (Male) |
| 20:21 | Queue | Villager (Male) |
| 20:26 | Queue | Villager (Male) |
| 20:31 | Queue | Unit 2626 |
| 20:33 | Queue | Villager (Male) |
| 20:41 | Research | Loom |
| 20:42 | Research | Loom |
| 20:43 | Queue | Unit 2626 |
| 20:43 | Queue | Unit 2626 |
| 20:44 | Queue | Unit 2626 |
| 20:47 | Queue | Villager (Male) |
| 20:58 | Queue | Villager (Male) |
| 20:59 | Queue | Villager (Male) |
| 21:05 | Build | Outpost |
| 21:15 | Queue | Villager (Male) |
| 21:16 | Queue | Villager (Male) |
| 21:16 | Queue | Villager (Male) |
| 21:17 | Queue | Villager (Male) |
| 21:27 | Build | Farm |
| 21:27 | Build | Farm |
Build order — TheZero
First 150 of 407 actions detected
| 0:24 | Build | Town Center |
| 0:33 | Build | House |
| 0:36 | Build | Dock |
| 1:24 | Build | Dock |
| 2:38 | Queue | Villager (Male) |
| 2:39 | Queue | Villager (Male) |
| 2:39 | Queue | Villager (Male) |
| 2:40 | Queue | Villager (Male) |
| 2:40 | Queue | Villager (Male) |
| 4:03 | Queue | Villager (Male) |
| 4:03 | Queue | Fishing Ship |
| 4:03 | Queue | Fishing Ship |
| 4:11 | Build | House |
| 4:49 | Queue | Fishing Ship |
| 5:09 | Queue | Villager (Male) |
| 5:09 | Queue | Villager (Male) |
| 5:35 | Queue | Villager (Male) |
| 5:45 | Queue | Fishing Ship |
| 5:52 | Build | House |
| 6:04 | Queue | Villager (Male) |
| 6:04 | Queue | Villager (Male) |
| 6:30 | Queue | Villager (Male) |
| 6:30 | Queue | Villager (Male) |
| 6:31 | Queue | Fishing Ship |
| 6:54 | Queue | Villager (Male) |
| 7:21 | Queue | Fishing Ship |
| 7:23 | Build | House |
| 7:28 | Queue | Villager (Male) |
| 7:51 | Queue | Fishing Ship |
| 7:55 | Queue | Villager (Male) |
| 7:58 | Build | House |
| 8:12 | Build | Palisade Wall |
| 8:13 | Build | Palisade Wall |
| 8:24 | Build | Palisade Wall |
| 8:28 | Queue | Fishing Ship |
| 8:32 | Queue | Villager (Male) |
| 8:43 | Queue | Fishing Ship |
| 8:57 | Build | House |
| 9:02 | Build | Dock |
| 9:10 | Queue | Villager (Male) |
| 9:33 | Queue | Villager (Male) |
| 9:33 | Queue | Villager (Male) |
| 9:42 | Build | Lumber Camp |
| 9:46 | Queue | Fishing Ship |
| 9:46 | Queue | Fishing Ship |
| 9:53 | Queue | Fishing Ship |
| 9:53 | Queue | Fishing Ship |
| 9:55 | Build | House |
| 9:56 | Queue | Villager (Male) |
| 10:09 | Queue | Fishing Ship |
| 10:09 | Queue | Fishing Ship |
| 10:15 | Queue | Villager (Male) |
| 10:24 | Queue | Villager (Male) |
| 10:49 | Queue | Fishing Ship |
| 10:50 | Queue | Fishing Ship |
| 11:18 | Queue | Fishing Ship |
| 11:18 | Queue | Fishing Ship |
| 11:18 | Queue | Fishing Ship |
| 11:22 | Research | Feudal Age |
| 11:22 | Research | Feudal Age |
| 11:34 | Build | Palisade Gate |
| 11:50 | Build | Mining Camp |
| 12:09 | Build | Dock |
| 12:45 | Build | Barracks |
| 13:03 | Queue | Villager (Male) |
| 13:03 | Queue | Villager (Male) |
| 13:27 | Build | House |
| 13:32 | Age | Feudal Age |
| 13:38 | Build | Archery Range |
| 13:39 | Build | Blacksmith |
| 13:58 | Queue | Fire Galley |
| 13:59 | Queue | Fire Galley |
| 14:20 | Research | Loom |
| 14:26 | Research | Loom |
| 14:26 | Research | Loom |
| 14:35 | Build | Dock |
| 14:52 | Research | Castle Age |
| 14:52 | Research | Castle Age |
| 15:13 | Research | Tech 906 |
| 15:13 | Research | Tech 906 |
| 15:13 | Queue | Fire Galley |
| 15:13 | Queue | Fire Galley |
| 15:17 | Research | Double-Bit Axe |
| 15:17 | Research | Double-Bit Axe |
| 15:29 | Research | Tech 906 |
| 15:36 | Queue | Skirmisher |
| 15:53 | Queue | Skirmisher |
| 15:54 | Queue | Archer |
| 16:03 | Build | Archery Range |
| 16:13 | Research | Fletching |
| 16:23 | Queue | Archer |
| 16:25 | Queue | Spearman |
| 16:44 | Queue | Archer |
| 16:44 | Queue | Archer |
| 16:46 | Build | House |
| 16:49 | Queue | Archer |
| 16:56 | Queue | Villager (Male) |
| 16:57 | Queue | Fishing Ship |
| 16:57 | Queue | Fishing Ship |
| 17:12 | Build | House |
| 17:26 | Queue | Fishing Ship |
| 17:27 | Queue | Fishing Ship |
| 17:32 | Age | Castle Age |
| 17:35 | Queue | Villager (Male) |
| 17:43 | Build | Siege Workshop |
| 18:03 | Research | Bodkin Arrow |
| 18:09 | Queue | Villager (Male) |
| 18:11 | Research | Bow Saw |
| 18:11 | Research | Bow Saw |
| 18:21 | Build | House |
| 18:38 | Queue | Scorpion |
| 18:42 | Queue | Villager (Male) |
| 19:00 | Research | War Galley (upgrade) |
| 19:08 | Queue | Villager (Male) |
| 19:12 | Build | House |
| 19:31 | Queue | Villager (Male) |
| 19:39 | Build | Town Center |
| 19:45 | Queue | Mangonel |
| 19:48 | Research | Crossbowman (upgrade) |
| 19:48 | Research | Crossbowman (upgrade) |
| 19:49 | Queue | Archer |
| 19:51 | Queue | Villager (Male) |
| 19:59 | Queue | Archer |
| 20:04 | Queue | Villager (Male) |
| 20:16 | Build | House |
| 20:34 | Queue | Villager (Male) |
| 20:45 | Queue | Villager (Male) |
| 20:54 | Queue | Archer |
| 20:54 | Queue | Archer |
| 20:57 | Queue | Archer |
| 20:57 | Queue | Archer |
| 20:58 | Queue | Villager (Male) |
| 21:06 | Queue | Villager (Male) |
| 21:14 | Queue | Unit 2626 |
| 21:15 | Queue | Unit 2626 |
| 21:21 | Queue | Villager (Male) |
| 21:24 | Queue | Villager (Male) |
| 21:26 | Queue | Villager (Male) |
| 21:28 | Queue | Archer |
| 21:28 | Queue | Archer |
| 21:34 | Queue | Fishing Ship |
| 21:34 | Queue | Fishing Ship |
| 21:42 | Research | Gillnets |
| 21:42 | Research | Gillnets |
| 21:43 | Queue | Villager (Male) |
| 21:46 | Queue | Villager (Male) |
| 21:53 | Build | House |
| 22:01 | Queue | Mangonel |
| 22:14 | Queue | Villager (Male) |
| 22:18 | Queue | Villager (Male) |
Build order — Smiley
First 150 of 239 actions detected
| 0:07 | Build | Town Center |
| 1:45 | Build | Dock |
| 1:48 | Build | House |
| 2:26 | Queue | Villager (Male) |
| 2:26 | Queue | Villager (Male) |
| 2:26 | Queue | Villager (Male) |
| 2:26 | Queue | Villager (Male) |
| 2:27 | Queue | Villager (Male) |
| 2:55 | Build | Palisade Wall |
| 2:56 | Build | Palisade Wall |
| 4:02 | Queue | Fishing Ship |
| 4:02 | Queue | Fishing Ship |
| 4:18 | Queue | Villager (Male) |
| 4:19 | Queue | Villager (Male) |
| 4:36 | Build | House |
| 4:45 | Queue | Villager (Male) |
| 4:46 | Queue | Villager (Male) |
| 5:15 | Research | Loom |
| 5:18 | Queue | Villager (Male) |
| 5:18 | Queue | Villager (Male) |
| 5:33 | Queue | Villager (Male) |
| 6:03 | Queue | Villager (Male) |
| 6:08 | Queue | Fishing Ship |
| 6:09 | Queue | Fishing Ship |
| 6:29 | Queue | Villager (Male) |
| 6:29 | Queue | Villager (Male) |
| 6:42 | Build | House |
| 6:51 | Queue | Villager (Male) |
| 6:51 | Queue | Villager (Male) |
| 6:57 | Build | House |
| 7:37 | Queue | Fishing Ship |
| 7:38 | Queue | Fishing Ship |
| 7:40 | Build | House |
| 7:52 | Build | House |
| 8:00 | Queue | Villager (Male) |
| 8:00 | Queue | Villager (Male) |
| 8:00 | Queue | Villager (Male) |
| 8:20 | Build | House |
| 8:28 | Queue | Villager (Male) |
| 8:29 | Queue | Villager (Male) |
| 8:53 | Queue | Fishing Ship |
| 9:11 | Queue | Villager (Male) |
| 9:27 | Build | Mill |
| 9:29 | Queue | Villager (Male) |
| 9:36 | Queue | Villager (Male) |
| 9:41 | Build | House |
| 9:56 | Queue | Villager (Male) |
| 10:26 | Queue | Villager (Male) |
| 10:42 | Build | House |
| 11:13 | Research | Feudal Age |
| 11:13 | Research | Feudal Age |
| 11:58 | Build | Palisade Wall |
| 12:13 | Build | Mining Camp |
| 12:20 | Queue | Villager (Male) |
| 12:40 | Queue | Villager (Male) |
| 13:40 | Age | Feudal Age |
| 13:44 | Queue | Villager (Male) |
| 14:05 | Build | Blacksmith |
| 14:09 | Build | Palisade Wall |
| 14:11 | Build | Palisade Wall |
| 14:36 | Queue | Villager (Male) |
| 15:02 | Build | Palisade Wall |
| 15:11 | Build | Market |
| 15:22 | Queue | Villager (Male) |
| 15:38 | Queue | Villager (Male) |
| 16:07 | Research | Castle Age |
| 16:14 | Build | Mining Camp |
| 17:01 | Build | Lumber Camp |
| 17:06 | Build | Outpost |
| 17:36 | Build | Gate |
| 17:39 | Build | Stone Wall |
| 17:40 | Build | Stone Wall |
| 18:05 | Build | Stone Wall |
| 18:42 | Build | Farm |
| 18:46 | Build | Farm |
| 18:52 | Age | Castle Age |
| 19:15 | Build | Castle |
| 19:37 | Queue | Villager (Male) |
| 20:15 | Queue | Villager (Male) |
| 20:28 | Build | Farm |
| 20:30 | Queue | Magyar Huszar |
| 20:30 | Queue | Magyar Huszar |
| 20:38 | Build | Farm |
| 20:56 | Queue | Villager (Male) |
| 20:56 | Queue | Villager (Male) |
| 21:02 | Queue | Magyar Huszar |
| 21:02 | Queue | Magyar Huszar |
| 21:02 | Queue | Magyar Huszar |
| 21:20 | Build | House |
| 21:20 | Build | House |
| 21:31 | Queue | Magyar Huszar |
| 21:32 | Queue | Villager (Male) |
| 21:32 | Queue | Villager (Male) |
| 21:33 | Queue | Villager (Male) |
| 21:36 | Build | Farm |
| 21:38 | Build | Farm |
| 22:02 | Build | House |
| 22:05 | Queue | Magyar Huszar |
| 22:05 | Queue | Magyar Huszar |
| 22:06 | Queue | Villager (Male) |
| 22:06 | Queue | Villager (Male) |
| 22:06 | Queue | Villager (Male) |
| 22:32 | Build | House |
| 22:37 | Queue | Villager (Male) |
| 22:37 | Queue | Villager (Male) |
| 22:40 | Build | Farm |
| 23:12 | Research | Scale Barding Armor |
| 23:21 | Queue | Villager (Male) |
| 23:25 | Build | House |
| 23:36 | Queue | Magyar Huszar |
| 23:36 | Queue | Magyar Huszar |
| 23:36 | Queue | Magyar Huszar |
| 23:46 | Queue | Magyar Huszar |
| 23:46 | Queue | Magyar Huszar |
| 23:55 | Build | Gate |
| 24:05 | Queue | Villager (Male) |
| 24:06 | Queue | Villager (Male) |
| 24:21 | Queue | Villager (Male) |
| 24:21 | Queue | Villager (Male) |
| 24:44 | Build | Town Center |
| 24:53 | Queue | Villager (Male) |
| 24:53 | Queue | Villager (Male) |
| 24:58 | Build | Gate |
| 24:59 | Build | House |
| 25:08 | Queue | Magyar Huszar |
| 25:08 | Queue | Magyar Huszar |
| 25:24 | Queue | Villager (Male) |
| 25:24 | Queue | Villager (Male) |
| 25:24 | Queue | Villager (Male) |
| 25:34 | Queue | Magyar Huszar |
| 25:44 | Build | Farm |
| 25:44 | Build | Farm |
| 25:44 | Build | Farm |
| 25:52 | Queue | Villager (Male) |
| 26:05 | Build | Outpost |
| 26:13 | Queue | Villager (Male) |
| 26:13 | Queue | Villager (Male) |
| 26:15 | Queue | Magyar Huszar |
| 26:15 | Queue | Magyar Huszar |
| 26:42 | Queue | Villager (Male) |
| 26:42 | Queue | Villager (Male) |
| 26:45 | Build | Farm |
| 27:02 | Build | House |
| 27:07 | Queue | Villager (Male) |
| 27:08 | Queue | Magyar Huszar |
| 27:09 | Queue | Magyar Huszar |
| 27:21 | Build | Monastery |
| 27:25 | Build | House |
| 27:31 | Queue | Magyar Huszar |
| 27:31 | Queue | Magyar Huszar |
Build order — (PNG)Ludovicum95
First 150 of 439 actions detected
| 0:25 | Build | Town Center |
| 0:38 | Build | Dock |
| 0:40 | Build | House |
| 2:35 | Queue | Villager (Male) |
| 2:35 | Queue | Villager (Male) |
| 2:36 | Queue | Villager (Male) |
| 2:36 | Queue | Villager (Male) |
| 2:36 | Queue | Villager (Male) |
| 3:14 | Build | House |
| 3:28 | Queue | Villager (Male) |
| 3:29 | Queue | Villager (Male) |
| 4:10 | Queue | Fishing Ship |
| 4:11 | Queue | Fishing Ship |
| 4:31 | Research | Loom |
| 4:35 | Queue | Villager (Male) |
| 4:35 | Queue | Villager (Male) |
| 4:37 | Build | House |
| 5:05 | Queue | Villager (Male) |
| 5:05 | Queue | Villager (Male) |
| 5:16 | Queue | Fishing Ship |
| 5:16 | Queue | Fishing Ship |
| 5:33 | Queue | Villager (Male) |
| 5:33 | Queue | Villager (Male) |
| 5:51 | Queue | Villager (Male) |
| 5:51 | Queue | Villager (Male) |
| 5:55 | Build | House |
| 6:11 | Queue | Villager (Male) |
| 6:11 | Queue | Villager (Male) |
| 6:17 | Queue | Fishing Ship |
| 6:41 | Queue | Villager (Male) |
| 6:42 | Queue | Villager (Male) |
| 7:00 | Queue | Fishing Ship |
| 7:00 | Queue | Fishing Ship |
| 7:06 | Build | House |
| 7:08 | Queue | Villager (Male) |
| 7:08 | Queue | Villager (Male) |
| 7:08 | Queue | Villager (Male) |
| 7:25 | Queue | Villager (Male) |
| 7:25 | Queue | Villager (Male) |
| 7:46 | Queue | Fishing Ship |
| 8:12 | Build | House |
| 8:32 | Queue | Villager (Male) |
| 8:55 | Queue | Villager (Male) |
| 9:20 | Build | House |
| 9:24 | Queue | Fishing Ship |
| 9:25 | Queue | Fishing Ship |
| 9:34 | Build | House |
| 9:46 | Research | Loom |
| 10:00 | Build | Mining Camp |
| 10:06 | Queue | Villager (Male) |
| 10:35 | Research | Feudal Age |
| 10:35 | Research | Feudal Age |
| 11:07 | Build | House |
| 11:36 | Build | Mill |
| 11:46 | Queue | Villager (Male) |
| 11:47 | Queue | Villager (Male) |
| 11:47 | Queue | Villager (Male) |
| 12:01 | Build | Dock |
| 12:23 | Build | House |
| 12:41 | Build | House |
| 12:46 | Age | Feudal Age |
| 12:49 | Build | Market |
| 13:12 | Build | Blacksmith |
| 13:16 | Queue | Villager (Male) |
| 13:35 | Build | House |
| 13:56 | Research | Castle Age |
| 13:56 | Research | Castle Age |
| 14:14 | Build | Lumber Camp |
| 14:47 | Queue | Villager (Male) |
| 14:48 | Queue | Villager (Male) |
| 15:09 | Research | Double-Bit Axe |
| 15:09 | Research | Double-Bit Axe |
| 15:09 | Research | Double-Bit Axe |
| 16:07 | Queue | Fishing Ship |
| 16:07 | Queue | Fishing Ship |
| 16:10 | Research | Tech 906 |
| 16:10 | Research | Tech 906 |
| 16:19 | Research | Gold Mining |
| 16:19 | Research | Gold Mining |
| 16:41 | Age | Castle Age |
| 16:49 | Build | Castle |
| 16:54 | Research | Bow Saw |
| 16:54 | Research | Bow Saw |
| 17:00 | Queue | Unit 2626 |
| 17:06 | Queue | Unit 2626 |
| 17:11 | Queue | Villager (Male) |
| 17:32 | Queue | Villager (Male) |
| 17:39 | Research | Fletching |
| 17:40 | Research | Fletching |
| 18:05 | Queue | Mangudai |
| 18:05 | Queue | Mangudai |
| 18:22 | Build | Town Center |
| 18:42 | Queue | Unit 2626 |
| 18:43 | Queue | Unit 2626 |
| 18:44 | Queue | Villager (Male) |
| 18:45 | Queue | Villager (Male) |
| 18:45 | Queue | Villager (Male) |
| 18:51 | Queue | Mangudai |
| 19:14 | Research | War Galley (upgrade) |
| 19:14 | Research | War Galley (upgrade) |
| 19:24 | Queue | Villager (Male) |
| 19:34 | Queue | Villager (Male) |
| 19:34 | Queue | Villager (Male) |
| 19:35 | Queue | Villager (Male) |
| 19:35 | Queue | Villager (Male) |
| 19:41 | Queue | Mangudai |
| 19:53 | Queue | Unit 2626 |
| 19:53 | Queue | Unit 2626 |
| 20:24 | Queue | Villager (Male) |
| 20:24 | Queue | Villager (Male) |
| 20:25 | Queue | Mangudai |
| 20:28 | Queue | Unit 2626 |
| 20:28 | Queue | Unit 2626 |
| 20:38 | Build | House |
| 20:46 | Queue | Villager (Male) |
| 20:47 | Queue | Villager (Male) |
| 20:48 | Research | Padded Archer Armor |
| 20:49 | Research | Padded Archer Armor |
| 20:50 | Queue | Villager (Male) |
| 20:57 | Build | Town Center |
| 21:03 | Queue | Mangudai |
| 21:10 | Build | Barracks |
| 21:15 | Build | House |
| 21:15 | Build | House |
| 21:25 | Queue | Villager (Male) |
| 21:27 | Queue | Mangudai |
| 21:45 | Research | Bodkin Arrow |
| 21:45 | Research | Bodkin Arrow |
| 21:46 | Queue | Villager (Male) |
| 21:46 | Queue | Villager (Male) |
| 22:06 | Research | Horse Collar |
| 22:06 | Research | Horse Collar |
| 22:10 | Build | Farm |
| 22:21 | Build | Farm |
| 22:22 | Build | Farm |
| 22:24 | Build | Farm |
| 22:24 | Build | Farm |
| 22:27 | Queue | Villager (Male) |
| 22:27 | Queue | Villager (Male) |
| 22:40 | Build | House |
| 22:40 | Queue | Mangudai |
| 22:41 | Queue | Mangudai |
| 22:55 | Queue | Mangudai |
| 22:56 | Queue | Mangudai |
| 22:56 | Queue | Mangudai |
| 23:01 | Build | House |
| 23:06 | Build | Farm |
| 23:18 | Queue | Villager (Male) |
| 23:18 | Queue | Villager (Male) |
| 23:18 | Queue | Villager (Male) |
Build order — Jhih
First 150 of 349 actions detected
| 0:07 | Build | Town Center |
| 0:43 | Build | Dock |
| 0:45 | Build | House |
| 2:37 | Queue | Villager (Male) |
| 2:37 | Queue | Villager (Male) |
| 2:37 | Queue | Villager (Male) |
| 2:37 | Queue | Villager (Male) |
| 3:35 | Queue | Villager (Male) |
| 3:35 | Queue | Villager (Male) |
| 4:04 | Build | House |
| 4:26 | Queue | Fishing Ship |
| 4:37 | Research | Loom |
| 4:50 | Queue | Villager (Male) |
| 4:50 | Queue | Villager (Male) |
| 4:59 | Build | House |
| 5:24 | Queue | Villager (Male) |
| 5:24 | Queue | Villager (Male) |
| 5:48 | Queue | Villager (Male) |
| 5:48 | Queue | Villager (Male) |
| 5:49 | Queue | Fishing Ship |
| 6:11 | Queue | Villager (Male) |
| 6:11 | Queue | Villager (Male) |
| 6:14 | Build | House |
| 6:37 | Queue | Villager (Male) |
| 6:37 | Queue | Villager (Male) |
| 6:52 | Queue | Fishing Ship |
| 6:54 | Queue | Villager (Male) |
| 6:55 | Queue | Villager (Male) |
| 7:16 | Build | House |
| 7:30 | Queue | Fishing Ship |
| 7:39 | Queue | Villager (Male) |
| 7:51 | Queue | Villager (Male) |
| 7:51 | Queue | Villager (Male) |
| 8:15 | Build | Mill |
| 8:24 | Queue | Villager (Male) |
| 8:26 | Queue | Fishing Ship |
| 8:54 | Queue | Villager (Male) |
| 9:03 | Build | House |
| 9:14 | Build | House |
| 9:26 | Queue | Villager (Male) |
| 10:05 | Build | Mining Camp |
| 10:05 | Build | Mining Camp |
| 10:17 | Queue | Villager (Male) |
| 10:47 | Queue | Villager (Male) |
| 11:05 | Research | Feudal Age |
| 11:16 | Queue | Fishing Ship |
| 12:10 | Build | Dock |
| 12:23 | Build | Palisade Wall |
| 12:28 | Build | Palisade Wall |
| 12:33 | Build | Palisade Wall |
| 12:51 | Queue | Villager (Male) |
| 12:51 | Queue | Villager (Male) |
| 13:22 | Age | Feudal Age |
| 13:32 | Build | Market |
| 13:35 | Build | Blacksmith |
| 13:40 | Build | Blacksmith |
| 13:48 | Build | Mining Camp |
| 14:37 | Research | Castle Age |
| 15:32 | Build | Palisade Wall |
| 16:20 | Queue | Fishing Ship |
| 16:20 | Queue | Fishing Ship |
| 16:51 | Queue | Villager (Male) |
| 16:52 | Queue | Villager (Male) |
| 17:05 | Build | House |
| 17:05 | Build | House |
| 17:17 | Age | Castle Age |
| 17:19 | Build | Castle |
| 17:27 | Queue | Villager (Male) |
| 17:27 | Queue | Villager (Male) |
| 17:33 | Build | Lumber Camp |
| 17:50 | Queue | Villager (Male) |
| 18:09 | Queue | Cataphract |
| 18:09 | Queue | Cataphract |
| 18:25 | Research | Fletching |
| 18:37 | Queue | Villager (Male) |
| 18:40 | Research | Double-Bit Axe |
| 18:44 | Queue | Cataphract |
| 19:25 | Build | House |
| 19:34 | Queue | Villager (Male) |
| 19:50 | Build | Town Center |
| 19:54 | Build | House |
| 19:59 | Queue | Cataphract |
| 20:01 | Queue | Villager (Male) |
| 20:40 | Queue | Villager (Male) |
| 20:53 | Build | Palisade Gate |
| 21:10 | Queue | Villager (Male) |
| 21:19 | Queue | Villager (Male) |
| 21:53 | Queue | Villager (Male) |
| 21:56 | Build | House |
| 22:06 | Queue | Villager (Male) |
| 22:22 | Build | House |
| 22:25 | Build | House |
| 22:26 | Build | House |
| 22:33 | Queue | Cataphract |
| 22:44 | Build | Palisade Gate |
| 22:48 | Build | Palisade Wall |
| 23:04 | Queue | Villager (Male) |
| 23:16 | Build | House |
| 23:27 | Research | Horse Collar |
| 23:29 | Queue | Villager (Male) |
| 23:31 | Queue | Villager (Male) |
| 23:31 | Queue | Villager (Male) |
| 23:31 | Queue | Villager (Male) |
| 23:45 | Build | House |
| 23:50 | Build | Farm |
| 23:51 | Build | Farm |
| 23:53 | Build | Farm |
| 23:54 | Build | Farm |
| 24:22 | Queue | Villager (Male) |
| 24:23 | Queue | Villager (Male) |
| 24:23 | Queue | Villager (Male) |
| 24:43 | Build | Palisade Wall |
| 24:47 | Queue | Villager (Male) |
| 24:48 | Queue | Villager (Male) |
| 24:48 | Queue | Villager (Male) |
| 24:51 | Build | Farm |
| 24:52 | Build | Farm |
| 24:58 | Build | Town Center |
| 25:14 | Queue | Villager (Male) |
| 25:14 | Queue | Villager (Male) |
| 25:34 | Build | Farm |
| 25:34 | Build | Farm |
| 25:37 | Build | Farm |
| 25:37 | Build | Farm |
| 25:38 | Build | Farm |
| 25:42 | Queue | Villager (Male) |
| 25:42 | Queue | Villager (Male) |
| 25:50 | Build | Farm |
| 25:50 | Build | Farm |
| 25:51 | Build | Farm |
| 25:52 | Build | Farm |
| 25:53 | Build | Farm |
| 25:53 | Build | Farm |
| 26:08 | Queue | Villager (Male) |
| 26:23 | Build | House |
| 26:32 | Research | Forging |
| 26:38 | Build | House |
| 26:42 | Queue | Villager (Male) |
| 26:45 | Queue | Villager (Male) |
| 27:03 | Queue | Villager (Male) |
| 27:04 | Queue | Villager (Male) |
| 27:14 | Build | House |
| 27:21 | Queue | Villager (Male) |
| 27:22 | Queue | Villager (Male) |
| 27:26 | Build | Farm |
| 27:26 | Build | Farm |
| 27:26 | Build | Farm |
| 27:26 | Build | Farm |
| 27:27 | Build | Farm |
| 27:27 | Build | Farm |
Build order — nub_banana
First 150 of 232 actions detected
| 0:08 | Build | Dock |
| 0:50 | Build | Town Center |
| 2:46 | Build | House |
| 3:29 | Queue | Villager (Male) |
| 3:29 | Queue | Villager (Male) |
| 3:29 | Queue | Villager (Male) |
| 3:44 | Queue | Villager (Male) |
| 3:45 | Queue | Villager (Male) |
| 3:45 | Queue | Villager (Male) |
| 4:47 | Queue | Villager (Male) |
| 4:47 | Queue | Villager (Male) |
| 4:49 | Queue | Fishing Ship |
| 4:49 | Queue | Fishing Ship |
| 4:49 | Queue | Fishing Ship |
| 5:17 | Build | House |
| 5:44 | Queue | Fishing Ship |
| 5:45 | Queue | Fishing Ship |
| 6:00 | Research | Loom |
| 6:09 | Build | House |
| 6:12 | Queue | Villager (Male) |
| 6:34 | Queue | Fishing Ship |
| 6:34 | Queue | Fishing Ship |
| 7:18 | Queue | Villager (Male) |
| 7:23 | Queue | Fishing Ship |
| 8:01 | Queue | Villager (Male) |
| 8:01 | Queue | Villager (Male) |
| 8:15 | Queue | Fishing Ship |
| 8:21 | Build | House |
| 8:26 | Queue | Fishing Ship |
| 8:31 | Queue | Villager (Male) |
| 8:31 | Queue | Villager (Male) |
| 8:43 | Queue | Villager (Male) |
| 8:43 | Queue | Villager (Male) |
| 8:57 | Queue | Villager (Male) |
| 9:09 | Queue | Villager (Male) |
| 9:09 | Queue | Villager (Male) |
| 9:11 | Queue | Fishing Ship |
| 9:44 | Queue | Fishing Ship |
| 9:49 | Queue | Villager (Male) |
| 9:49 | Queue | Villager (Male) |
| 9:50 | Queue | Villager (Male) |
| 10:03 | Build | House |
| 10:13 | Queue | Fishing Ship |
| 10:40 | Queue | Villager (Male) |
| 11:15 | Queue | Fishing Ship |
| 11:29 | Queue | Villager (Male) |
| 11:51 | Build | Mill |
| 11:55 | Queue | Villager (Male) |
| 12:08 | Build | House |
| 12:46 | Research | Feudal Age |
| 13:22 | Build | House |
| 13:38 | Build | Mining Camp |
| 13:53 | Build | Lumber Camp |
| 14:38 | Queue | Villager (Male) |
| 14:39 | Queue | Villager (Male) |
| 14:42 | Build | Farm |
| 14:54 | Queue | Villager (Male) |
| 14:56 | Age | Feudal Age |
| 15:36 | Build | Market |
| 15:43 | Queue | Villager (Male) |
| 15:43 | Queue | Villager (Male) |
| 15:51 | Build | House |
| 15:59 | Build | Blacksmith |
| 16:39 | Queue | Villager (Male) |
| 16:39 | Queue | Villager (Male) |
| 16:51 | Build | Farm |
| 17:17 | Build | Farm |
| 19:12 | Build | Town Center |
| 19:54 | Queue | Villager (Male) |
| 19:54 | Queue | Villager (Male) |
| 19:55 | Queue | Villager (Male) |
| 20:23 | Build | Farm |
| 20:28 | Queue | Villager (Male) |
| 20:28 | Queue | Villager (Male) |
| 20:39 | Build | House |
| 20:41 | Build | House |
| 20:44 | Build | House |
| 20:49 | Queue | Villager (Male) |
| 21:14 | Queue | Villager (Male) |
| 21:14 | Queue | Villager (Male) |
| 21:32 | Queue | Villager (Male) |
| 21:32 | Queue | Villager (Male) |
| 21:44 | Queue | Villager (Male) |
| 21:44 | Queue | Villager (Male) |
| 21:45 | Queue | Villager (Male) |
| 21:59 | Build | Mining Camp |
| 23:04 | Build | Dock |
| 23:14 | Queue | Villager (Male) |
| 23:24 | Build | Farm |
| 23:27 | Build | Farm |
| 23:40 | Build | House |
| 24:24 | Research | Castle Age |
| 24:32 | Build | Barracks |
| 24:50 | Queue | Fishing Ship |
| 24:50 | Queue | Fishing Ship |
| 24:56 | Queue | Villager (Male) |
| 25:21 | Build | Lumber Camp |
| 25:41 | Queue | Fishing Ship |
| 25:56 | Queue | Villager (Male) |
| 25:56 | Queue | Villager (Male) |
| 27:02 | Build | Stable |
| 27:09 | Age | Castle Age |
| 27:15 | Research | Scale Barding Armor |
| 27:29 | Build | Town Center |
| 27:39 | Build | Stable |
| 27:53 | Queue | Fishing Ship |
| 27:54 | Queue | Fishing Ship |
| 27:59 | Build | House |
| 28:02 | Build | House |
| 28:27 | Build | House |
| 28:29 | Build | House |
| 28:36 | Research | Husbandry |
| 28:39 | Research | Chain Barding Armor |
| 28:40 | Queue | Villager (Male) |
| 28:40 | Queue | Villager (Male) |
| 28:43 | Build | Farm |
| 28:46 | Build | Farm |
| 28:56 | Build | Watch Tower |
| 29:00 | Queue | Villager (Male) |
| 29:00 | Queue | Villager (Male) |
| 29:00 | Queue | Villager (Male) |
| 29:14 | Queue | Villager (Male) |
| 29:14 | Queue | Villager (Male) |
| 29:14 | Queue | Villager (Male) |
| 29:39 | Build | Lumber Camp |
| 29:43 | Queue | Knight |
| 29:44 | Queue | Knight |
| 29:44 | Queue | Knight |
| 29:50 | Build | Farm |
| 30:31 | Queue | Villager (Male) |
| 30:31 | Queue | Villager (Male) |
| 30:32 | Queue | Villager (Male) |
| 31:07 | Build | Town Center |
| 31:08 | Queue | Villager (Male) |
| 31:09 | Queue | Villager (Male) |
| 31:09 | Queue | Villager (Male) |
| 31:16 | Build | House |
| 31:20 | Build | House |
| 31:21 | Build | House |
| 31:25 | Queue | Fishing Ship |
| 31:25 | Queue | Fishing Ship |
| 31:29 | Queue | Villager (Male) |
| 31:30 | Queue | Villager (Male) |
| 31:30 | Queue | Villager (Male) |
| 31:45 | Build | Monastery |
| 32:04 | Queue | Monk |
| 32:17 | Build | Farm |
| 32:17 | Build | Farm |
| 32:17 | Build | Farm |
| 32:18 | Build | Farm |
Build order — 凌霄上清统飞元真君
First 150 of 350 actions detected
| 0:03 | Build | Town Center |
| 0:38 | Build | House |
| 0:40 | Build | Dock |
| 2:26 | Queue | Villager (Male) ×5 |
| 2:26 | Queue | Villager (Male) ×5 |
| 2:37 | Queue | Fishing Ship |
| 3:20 | Build | Palisade Wall |
| 3:28 | Queue | Villager (Male) |
| 4:02 | Build | House |
| 4:27 | Queue | Villager (Male) |
| 4:28 | Queue | Villager (Male) |
| 5:06 | Queue | Fishing Ship |
| 5:09 | Queue | Villager (Male) |
| 5:09 | Queue | Villager (Male) |
| 5:37 | Queue | Villager (Male) |
| 5:37 | Queue | Villager (Male) |
| 5:56 | Build | House |
| 6:02 | Queue | Villager (Male) |
| 6:10 | Queue | Fishing Ship |
| 6:24 | Queue | Villager (Male) |
| 6:35 | Build | House |
| 6:44 | Queue | Villager (Male) |
| 6:46 | Queue | Villager (Male) |
| 7:02 | Queue | Fishing Ship |
| 7:14 | Queue | Villager (Male) |
| 7:42 | Queue | Fishing Ship |
| 8:10 | Build | House |
| 8:16 | Queue | Villager (Male) |
| 8:46 | Queue | Villager (Male) |
| 8:59 | Build | Lumber Camp |
| 9:22 | Research | Feudal Age |
| 10:16 | Build | Dock |
| 10:35 | Build | Mining Camp |
| 10:50 | Research | Loom |
| 11:08 | Queue | Villager (Male) |
| 11:15 | Build | House |
| 11:26 | Age | Feudal Age |
| 11:27 | Queue | Fire Galley |
| 11:27 | Queue | Fire Galley |
| 11:31 | Queue | Villager (Male) |
| 11:34 | Research | Double-Bit Axe |
| 11:42 | Research | Gold Mining |
| 11:59 | Build | Palisade Wall |
| 12:00 | Build | Palisade Wall |
| 12:06 | Build | Stone Wall |
| 12:06 | Build | Stone Wall |
| 12:07 | Build | Stone Wall |
| 12:07 | Build | Stone Wall |
| 12:08 | Build | Stone Wall |
| 12:31 | Queue | Fire Galley |
| 12:31 | Queue | Fire Galley |
| 12:39 | Queue | Villager (Male) |
| 12:39 | Queue | Villager (Male) |
| 12:59 | Queue | Villager (Male) |
| 13:02 | Build | Stone Wall |
| 13:04 | Build | Stone Wall |
| 13:07 | Build | Stone Wall |
| 13:13 | Build | Stone Wall |
| 13:19 | Build | Stone Wall |
| 13:21 | Build | Stone Wall |
| 13:23 | Build | Stone Wall |
| 13:25 | Build | Stone Wall |
| 13:27 | Queue | Villager (Male) |
| 13:30 | Queue | Villager (Male) |
| 13:32 | Build | House |
| 13:55 | Queue | Villager (Male) |
| 13:56 | Queue | Villager (Male) |
| 14:02 | Build | Blacksmith |
| 14:05 | Queue | Villager (Male) |
| 14:08 | Build | Mill |
| 14:24 | Queue | Fishing Ship |
| 14:24 | Queue | Fishing Ship |
| 14:47 | Build | House |
| 14:48 | Build | House |
| 14:51 | Build | Stone Wall |
| 15:00 | Queue | Fishing Ship |
| 15:00 | Queue | Fishing Ship |
| 15:05 | Research | Wheelbarrow |
| 15:50 | Queue | Villager (Male) |
| 15:53 | Build | Market |
| 16:04 | Queue | Fishing Ship |
| 16:16 | Queue | Villager (Male) |
| 16:37 | Research | Castle Age |
| 16:58 | Queue | Fishing Ship |
| 16:59 | Queue | Fishing Ship |
| 17:21 | Queue | Villager (Male) |
| 17:33 | Build | Barracks |
| 17:54 | Build | House |
| 17:56 | Build | House |
| 18:02 | Queue | Fishing Ship |
| 18:02 | Queue | Fishing Ship |
| 18:08 | Research | Fletching |
| 18:12 | Queue | Galley |
| 18:12 | Queue | Galley |
| 18:44 | Queue | Galley |
| 18:45 | Queue | Galley |
| 19:04 | Queue | Villager (Male) |
| 19:14 | Age | Castle Age |
| 19:20 | Research | War Galley (upgrade) |
| 19:23 | Queue | Villager (Male) |
| 19:23 | Queue | Villager (Male) |
| 19:27 | Build | House |
| 19:27 | Build | House |
| 19:41 | Research | Bodkin Arrow |
| 19:44 | Queue | Galley |
| 19:44 | Queue | Galley |
| 19:46 | Queue | Villager (Male) |
| 19:47 | Build | House |
| 19:48 | Build | House |
| 19:50 | Queue | Villager (Male) |
| 20:05 | Queue | Galley |
| 20:15 | Queue | Fire Galley |
| 20:21 | Queue | Galley |
| 20:26 | Queue | Villager (Male) |
| 20:27 | Queue | Villager (Male) |
| 20:32 | Research | Bow Saw |
| 20:41 | Queue | Villager (Male) |
| 20:52 | Build | House |
| 20:53 | Build | House |
| 21:42 | Build | Dock |
| 21:44 | Queue | Fishing Ship ×3 |
| 22:29 | Queue | Villager (Male) |
| 22:34 | Build | Stable |
| 22:36 | Build | Stable |
| 23:02 | Queue | Villager (Male) |
| 23:03 | Queue | Villager (Male) |
| 23:04 | Research | Scale Barding Armor |
| 23:05 | Research | Forging |
| 23:07 | Research | Bloodlines |
| 23:08 | Queue | Villager (Male) |
| 23:13 | Build | Siege Workshop |
| 23:16 | Build | Lumber Camp |
| 23:21 | Queue | Knight |
| 23:22 | Queue | Knight |
| 23:22 | Queue | Knight |
| 23:35 | Queue | Fishing Ship |
| 23:35 | Queue | Fishing Ship |
| 23:35 | Queue | Fishing Ship |
| 23:38 | Build | House |
| 23:38 | Build | House |
| 23:39 | Build | House |
| 23:46 | Queue | Villager (Male) |
| 23:47 | Queue | Knight |
| 23:47 | Queue | Knight |
| 23:55 | Queue | Battering Ram |
| 23:55 | Queue | Battering Ram |
| 24:26 | Queue | Villager (Male) |
| 24:27 | Queue | Fire Galley |
| 24:29 | Queue | Fire Galley |
| 24:30 | Queue | Galley |
Build order — JustAGecko
First 150 of 413 actions detected
| 0:08 | Build | Town Center |
| 2:00 | Build | Dock |
| 2:02 | Build | House |
| 2:29 | Queue | Villager (Male) |
| 2:30 | Queue | Villager (Male) |
| 2:30 | Queue | Villager (Male) |
| 2:30 | Queue | Villager (Male) |
| 2:41 | Research | Loom |
| 2:42 | Queue | Villager (Male) |
| 2:42 | Queue | Villager (Male) |
| 2:42 | Queue | Villager (Male) |
| 3:30 | Queue | Fishing Ship |
| 4:23 | Queue | Villager (Male) |
| 4:23 | Queue | Villager (Male) |
| 4:52 | Queue | Villager (Male) |
| 4:53 | Queue | Villager (Male) |
| 5:00 | Build | House |
| 5:20 | Queue | Villager (Male) |
| 5:46 | Queue | Villager (Male) |
| 5:48 | Queue | Fishing Ship |
| 5:48 | Queue | Fishing Ship |
| 6:15 | Queue | Villager (Male) |
| 6:15 | Queue | Villager (Male) |
| 6:25 | Queue | Fishing Ship |
| 6:32 | Build | House |
| 6:44 | Queue | Villager (Male) |
| 6:44 | Queue | Villager (Male) |
| 7:01 | Build | House |
| 7:18 | Queue | Villager (Male) |
| 7:19 | Queue | Villager (Male) |
| 7:19 | Queue | Villager (Male) |
| 7:26 | Build | House |
| 7:46 | Queue | Fishing Ship |
| 7:54 | Queue | Villager (Male) |
| 7:54 | Queue | Villager (Male) |
| 8:17 | Queue | Fishing Ship |
| 8:27 | Build | House |
| 8:31 | Build | Palisade Wall |
| 8:38 | Queue | Villager (Male) |
| 8:45 | Queue | Villager (Male) |
| 9:05 | Queue | Fishing Ship |
| 9:07 | Queue | Villager (Male) |
| 9:30 | Queue | Fishing Ship |
| 9:37 | Queue | Villager (Male) |
| 10:36 | Queue | Villager (Male) |
| 10:41 | Build | Lumber Camp |
| 11:07 | Research | Feudal Age |
| 11:31 | Build | Mining Camp |
| 11:47 | Build | Palisade Wall |
| 11:56 | Build | House |
| 12:12 | Build | Mining Camp |
| 12:15 | Build | Palisade Wall |
| 12:38 | Queue | Villager (Male) |
| 12:38 | Queue | Villager (Male) |
| 12:47 | Build | Mill |
| 13:21 | Age | Feudal Age |
| 13:38 | Build | Market |
| 13:44 | Queue | Villager (Male) |
| 13:55 | Research | Town Watch |
| 14:00 | Build | Blacksmith |
| 14:44 | Research | Castle Age |
| 14:44 | Research | Castle Age |
| 14:51 | Build | Palisade Wall |
| 14:52 | Build | Palisade Wall |
| 15:02 | Build | Palisade Wall |
| 15:11 | Build | Outpost |
| 15:17 | Queue | Unit 2626 |
| 15:17 | Queue | Unit 2626 |
| 15:40 | Research | Double-Bit Axe |
| 16:16 | Build | Outpost |
| 17:01 | Build | Palisade Wall |
| 17:15 | Queue | Villager (Male) |
| 17:16 | Queue | Villager (Male) |
| 17:24 | Age | Castle Age |
| 17:45 | Build | Castle |
| 17:57 | Queue | Villager (Male) |
| 18:11 | Queue | Villager (Male) |
| 18:35 | Research | Fletching |
| 18:42 | Queue | Villager (Male) |
| 18:44 | Queue | Unit 2626 |
| 18:51 | Build | Palisade Wall |
| 18:52 | Build | Palisade Wall |
| 18:56 | Queue | Plumed Archer |
| 18:56 | Queue | Plumed Archer |
| 18:56 | Queue | Plumed Archer |
| 19:17 | Build | Siege Workshop |
| 19:23 | Research | Bow Saw |
| 19:24 | Queue | Villager (Male) |
| 19:41 | Research | Bodkin Arrow |
| 19:42 | Queue | Villager (Male) |
| 19:43 | Queue | Plumed Archer |
| 19:44 | Queue | Plumed Archer |
| 19:58 | Queue | Villager (Male) |
| 20:03 | Build | House |
| 20:05 | Build | House |
| 20:09 | Queue | Plumed Archer |
| 20:26 | Queue | Mangonel |
| 20:36 | Queue | Villager (Male) |
| 20:37 | Queue | Plumed Archer |
| 20:52 | Queue | Villager (Male) |
| 21:23 | Build | Town Center |
| 21:28 | Build | Stone Wall |
| 21:40 | Queue | Plumed Archer |
| 21:41 | Queue | Villager (Male) |
| 21:42 | Queue | Villager (Male) |
| 21:43 | Queue | Villager (Male) |
| 21:43 | Queue | Villager (Male) |
| 21:55 | Queue | Villager (Male) |
| 22:07 | Queue | Villager (Male) |
| 22:20 | Queue | Villager (Male) |
| 22:24 | Queue | Plumed Archer |
| 22:24 | Queue | Plumed Archer |
| 22:24 | Queue | Plumed Archer |
| 22:46 | Build | Farm |
| 22:47 | Build | Farm |
| 22:47 | Build | Farm |
| 22:47 | Build | Farm |
| 22:48 | Build | Farm |
| 22:48 | Build | Farm |
| 22:53 | Queue | Plumed Archer |
| 22:53 | Queue | Plumed Archer |
| 23:04 | Queue | Villager (Male) |
| 23:21 | Build | University |
| 23:41 | Queue | Plumed Archer |
| 23:41 | Queue | Plumed Archer |
| 23:53 | Queue | Villager (Male) |
| 23:53 | Queue | Villager (Male) |
| 24:00 | Queue | Villager (Male) |
| 24:09 | Queue | Plumed Archer |
| 24:09 | Queue | Plumed Archer |
| 24:22 | Queue | Plumed Archer |
| 24:22 | Queue | Plumed Archer |
| 24:29 | Queue | Villager (Male) |
| 24:29 | Queue | Villager (Male) |
| 24:38 | Queue | Villager (Male) |
| 25:01 | Queue | Villager (Male) |
| 25:02 | Research | Ballistics |
| 25:14 | Queue | Villager (Male) |
| 25:14 | Queue | Villager (Male) |
| 25:32 | Build | Stone Wall |
| 25:38 | Queue | Villager (Male) |
| 25:39 | Queue | Plumed Archer |
| 25:39 | Queue | Plumed Archer |
| 25:39 | Queue | Plumed Archer |
| 25:40 | Queue | Plumed Archer |
| 25:40 | Queue | Plumed Archer |
| 26:03 | Queue | Villager (Male) |
| 26:04 | Queue | Villager (Male) |
| 26:05 | Queue | Plumed Archer |
| 26:05 | Queue | Plumed Archer |
Match timeline
| 0:08 | nub_banana · first_building Dock |
| 0:36 | TheZero · first_building Dock |
| 0:38 | (PNG)Ludovicum95 · first_building Dock |
| 0:40 | 凌霄上清统飞元真君 · first_building Dock |
| 0:42 | TAG_Sitaux · first_building Dock |
| 0:43 | Jhih · first_building Dock |
| 1:45 | Smiley · first_building Dock |
| 2:00 | JustAGecko · first_building Dock |
| 2:55 | Smiley · wall_segment Palisade Wall x1 |
| 2:56 | Smiley · wall_segment Palisade Wall x1 |
| 3:20 | 凌霄上清统飞元真君 · wall_segment Palisade Wall x1 |
| 7:26 | TAG_Sitaux · wall_segment Palisade Wall x1 |
| 7:26 | TAG_Sitaux · wall_segment Palisade Wall x1 |
| 8:12 | TheZero · wall_segment Palisade Wall x1 |
| 8:13 | TheZero · wall_segment Palisade Wall x1 |
| 8:24 | TheZero · wall_segment Palisade Wall x1 |
| 8:31 | JustAGecko · wall_segment Palisade Wall x1 |
| 11:08 | TAG_Sitaux · wall_segment Palisade Wall x7 |
| 11:09 | TAG_Sitaux · wall_segment Palisade Wall x2 |
| 11:26 | 凌霄上清统飞元真君 · age_up feudal |
| 11:47 | JustAGecko · wall_segment Palisade Wall x7 |
| 11:54 | TAG_Sitaux · wall_segment Palisade Wall x5 |
| 11:58 | Smiley · wall_segment Palisade Wall x1 |
| 11:59 | 凌霄上清统飞元真君 · wall_segment Palisade Wall x1 |
| 12:00 | 凌霄上清统飞元真君 · wall_segment Palisade Wall x4 |
| 12:06 | 凌霄上清统飞元真君 · wall_segment Stone Wall x1 |
| 12:06 | 凌霄上清统飞元真君 · wall_segment Stone Wall x1 |
| 12:07 | 凌霄上清统飞元真君 · wall_segment Stone Wall x1 |
| 12:07 | 凌霄上清统飞元真君 · wall_segment Stone Wall x1 |
| 12:08 | 凌霄上清统飞元真君 · wall_segment Stone Wall x1 |
| 12:15 | JustAGecko · wall_segment Palisade Wall x1 |
| 12:23 | Jhih · wall_segment Palisade Wall x1 |
| 12:28 | Jhih · wall_segment Palisade Wall x1 |
| 12:33 | Jhih · wall_segment Palisade Wall x1 |
| 12:45 | TheZero · first_building Barracks |
| 12:46 | (PNG)Ludovicum95 · age_up feudal |
| 12:48 | TAG_Sitaux · wall_segment Palisade Wall x4 |
| 12:50 | TAG_Sitaux · wall_segment Palisade Wall x7 |
| 12:53 | TAG_Sitaux · wall_segment Palisade Wall x1 |
| 12:54 | TAG_Sitaux · wall_segment Palisade Wall x1 |
| 13:02 | 凌霄上清统飞元真君 · wall_segment Stone Wall x1 |
| 13:04 | 凌霄上清统飞元真君 · wall_segment Stone Wall x1 |
| 13:07 | 凌霄上清统飞元真君 · wall_segment Stone Wall x1 |
| 13:13 | 凌霄上清统飞元真君 · wall_segment Stone Wall x1 |
| 13:19 | 凌霄上清统飞元真君 · wall_segment Stone Wall x1 |
| 13:21 | JustAGecko · age_up feudal |
| 13:21 | 凌霄上清统飞元真君 · wall_segment Stone Wall x1 |
| 13:22 | Jhih · age_up feudal |
| 13:23 | 凌霄上清统飞元真君 · wall_segment Stone Wall x1 |
| 13:25 | 凌霄上清统飞元真君 · wall_segment Stone Wall x1 |
| 13:32 | TheZero · age_up feudal |
| 13:38 | TheZero · first_building Archery Range |
| 13:40 | Smiley · age_up feudal |
| 13:45 | TAG_Sitaux · age_up feudal |
| 14:09 | Smiley · wall_segment Palisade Wall x1 |
| 14:11 | Smiley · wall_segment Palisade Wall x7 |
| 14:51 | 凌霄上清统飞元真君 · wall_segment Stone Wall x1 |
| 14:51 | JustAGecko · wall_segment Palisade Wall x4 |
| 14:52 | JustAGecko · wall_segment Palisade Wall x2 |
| 14:56 | nub_banana · age_up feudal |
| 15:02 | Smiley · wall_segment Palisade Wall x1 |
| 15:02 | JustAGecko · wall_segment Palisade Wall x3 |
| 15:17 | TAG_Sitaux · wall_segment Palisade Wall x7 |
| 15:32 | Jhih · wall_segment Palisade Wall x1 |
| 16:41 | (PNG)Ludovicum95 · age_up castle |
| 16:46 | TAG_Sitaux · wall_segment Palisade Wall x3 |
| 16:49 | (PNG)Ludovicum95 · first_building Castle |
| 17:01 | JustAGecko · wall_segment Palisade Wall x11 |
| 17:04 | nub_banana · first_market_sell 100 stone |
| 17:07 | nub_banana · first_market_buy 100 food |
| 17:17 | Jhih · age_up castle |
| 17:19 | Jhih · first_building Castle |
| 17:20 | TAG_Sitaux · age_up castle |
| 17:24 | JustAGecko · age_up castle |
| 17:29 | JustAGecko · first_market_buy 100 stone |
| 17:32 | TheZero · age_up castle |
| 17:33 | 凌霄上清统飞元真君 · first_building Barracks |
| 17:39 | Smiley · wall_segment Stone Wall x4 |
| 17:40 | Smiley · wall_segment Stone Wall x1 |
| 17:43 | TheZero · first_building Siege Workshop |
| 17:45 | TAG_Sitaux · first_market_buy 100 wood |
| 17:45 | JustAGecko · first_building Castle |
| 18:05 | Smiley · wall_segment Stone Wall x11 |
| 18:51 | JustAGecko · wall_segment Palisade Wall x1 |
| 18:52 | JustAGecko · wall_segment Palisade Wall x1 |
| 18:52 | Smiley · age_up castle |
| 19:14 | 凌霄上清统飞元真君 · age_up castle |
| 19:15 | Smiley · first_building Castle |
| 19:17 | JustAGecko · first_building Siege Workshop |
| 19:50 | Smiley · first_market_buy 100 food |
| 19:57 | TAG_Sitaux · first_market_sell 100 food |
| 21:00 | Smiley · first_market_sell 100 wood |
| 21:10 | (PNG)Ludovicum95 · first_building Barracks |
| 21:11 | JustAGecko · first_market_sell 100 wood |
| 21:28 | JustAGecko · wall_segment Stone Wall x4 |
| 22:34 | 凌霄上清统飞元真君 · first_building Stable |
| 22:48 | Jhih · wall_segment Palisade Wall x4 |
| 23:13 | 凌霄上清统飞元真君 · first_building Siege Workshop |
| 23:26 | TAG_Sitaux · first_building Siege Workshop |
| 24:32 | nub_banana · first_building Barracks |
| 24:43 | Jhih · wall_segment Palisade Wall x1 |
| 25:04 | (PNG)Ludovicum95 · first_building Archery Range |
| 25:06 | (PNG)Ludovicum95 · first_building Stable |
| 25:32 | JustAGecko · wall_segment Stone Wall x9 |
| 25:44 | TheZero · wall_segment Stone Wall x3 |
| 26:30 | JustAGecko · wall_segment Stone Wall x9 |
| 27:02 | nub_banana · first_building Stable |
| 27:09 | nub_banana · age_up castle |
| 27:20 | TheZero · wall_segment Palisade Wall x1 |
| 27:20 | 凌霄上清统飞元真君 · first_market_sell 100 wood |
| 27:21 | Smiley · first_building Monastery |
| 27:34 | Smiley · wall_segment Stone Wall x1 |
| 27:49 | Smiley · wall_segment Stone Wall x1 |
| 27:50 | Smiley · wall_segment Stone Wall x1 |
| 27:51 | Smiley · wall_segment Stone Wall x2 |
| 27:51 | Smiley · wall_segment Stone Wall x2 |
| 27:57 | Jhih · first_market_buy 100 wood |
| 28:00 | TheZero · wall_segment Palisade Wall x3 |
| 28:30 | Jhih · first_market_sell 100 stone |
| 28:50 | Smiley · first_building Siege Workshop |
| 28:59 | Smiley · wall_segment Stone Wall x1 |
| 29:02 | Smiley · wall_segment Stone Wall x1 |
| 29:05 | Smiley · wall_segment Stone Wall x1 |
| 29:05 | Smiley · wall_segment Stone Wall x1 |
| 29:06 | Smiley · wall_segment Stone Wall x1 |
| 29:29 | TAG_Sitaux · first_building Monastery |
| 29:48 | TAG_Sitaux · wall_segment Stone Wall x1 |
| 29:51 | TheZero · first_building Castle |
| 31:44 | TAG_Sitaux · first_building Castle |
| 31:45 | nub_banana · first_building Monastery |
| 31:46 | TAG_Sitaux · first_building Barracks |
| 32:09 | Jhih · first_building Monastery |
| 32:09 | TheZero · first_market_buy 100 food |
| 32:30 | TAG_Sitaux · first_building Archery Range |
| 33:22 | TAG_Sitaux · wall_segment Stone Wall x1 |
| 34:06 | 凌霄上清统飞元真君 · first_building Monastery |
| 34:35 | (PNG)Ludovicum95 · first_building Siege Workshop |
| 34:36 | Jhih · first_building Barracks |
| 34:45 | (PNG)Ludovicum95 · first_market_sell 500 food |
| 34:51 | TAG_Sitaux · age_up imperial |
| 34:56 | (PNG)Ludovicum95 · age_up imperial |
| 35:07 | Jhih · first_building Stable |
| 35:21 | TheZero · age_up imperial |
| 35:29 | JustAGecko · wall_segment Stone Wall x13 |
| 35:40 | TheZero · wall_segment Palisade Wall x1 |
| 36:36 | 凌霄上清统飞元真君 · first_building Castle |
| 37:16 | TheZero · wall_segment Stone Wall x2 |
| 37:29 | Jhih · age_up imperial |
| 37:30 | 凌霄上清统飞元真君 · age_up imperial |
| 38:03 | Jhih · first_building Siege Workshop |
| 38:28 | 凌霄上清统飞元真君 · first_market_buy 100 wood |
| 39:21 | JustAGecko · first_building Barracks |
| 40:13 | TAG_Sitaux · wall_segment Stone Wall x6 |
| 40:39 | (PNG)Ludovicum95 · tribute_sent a jugador 1 |
| 40:39 | (PNG)Ludovicum95 · tribute_sent a jugador 2 |
| 40:39 | (PNG)Ludovicum95 · tribute_sent a jugador 4 |
| 40:39 | (PNG)Ludovicum95 · tribute_sent a jugador 5 |
| 40:39 | (PNG)Ludovicum95 · tribute_sent a jugador 6 |
| 40:39 | (PNG)Ludovicum95 · tribute_sent a jugador 7 |
| 40:39 | (PNG)Ludovicum95 · tribute_sent a jugador 8 |
| 42:04 | TAG_Sitaux · tribute_sent a jugador 1 |
| 42:04 | TAG_Sitaux · tribute_sent a jugador 2 |
| 42:04 | TAG_Sitaux · tribute_sent a jugador 3 |
| 42:04 | TAG_Sitaux · tribute_sent a jugador 5 |
| 42:04 | TAG_Sitaux · tribute_sent a jugador 6 |
| 42:04 | TAG_Sitaux · tribute_sent a jugador 7 |
| 42:04 | TAG_Sitaux · tribute_sent a jugador 8 |
| 42:46 | TAG_Sitaux · tribute_sent a jugador 1 |
| 42:46 | TAG_Sitaux · tribute_sent a jugador 2 |
| 42:46 | TAG_Sitaux · tribute_sent a jugador 3 |
| 42:46 | TAG_Sitaux · tribute_sent a jugador 5 |
| 42:46 | TAG_Sitaux · tribute_sent a jugador 6 |
| 42:46 | TAG_Sitaux · tribute_sent a jugador 7 |
| 42:46 | TAG_Sitaux · tribute_sent a jugador 8 |
| 42:59 | TAG_Sitaux · resign |
[ AI ANALYSIS · 1 CREDIT ]
What really happened in this match?
Wolo.gg analyzes every decision: build order, eco, micro, common mistakes by bracket. Personalized analysis on WhatsApp or Discord in 30 seconds.
Civ guide
Shu
Perfil
Jugador #212721